 Dungeon Crawl Stone Soup version 0.29.1-15-g9cfb28693d (webtiles) character file.

Game seed: 10231264815275190941

15 croobank the Sneak (level 2, -5/31 HPs)
             Began as an Octopode Delver on Mar 15, 2023.
             Killed by divine providence
             ... invoked by an orc priest
              (17 damage)
             ... on level 5 of the Dungeon.
             The game lasted 00:01:24 (101 turns).

croobank the Sneak (Octopode Delver)                 Turns: 101, Time: 00:01:24

Health: -5/31      AC: 21    Str: 11    XL:     2   Next: 50%
Magic:  2/2        EV:  2    Int: 12    God:
Gold:   0          SH:  0    Dex: 13    Spells: 1/1 levels left

rFire   . . .      SeeInvis .   h - +2 dagger (speed)
rCold   . . .      Faith    .   (no shield)
rNeg    . . .      Spirit   .   (helmet currently unavailable)
rPois   +          Reflect  .   (no amulet)
rElec   .          Harm     .   (no ring)
rCorr   .          Rampage  .   (no ring)
Will    .....      NoTele   +   (no ring)
Stlth   +++.......              (no ring)
HPRegen 0.10/turn               (no ring)
MPRegen 0.08/turn               (no ring)
                                (no ring)
                                (no ring)

@: tree-form (expiring)
A: stationary, stasis, torment immunity, boosted hp, almost no armour,
(amphibious), 8 rings, (camouflage 1), (gelatinous body 1), (nimble swimmer 1),
(tentacles)
a: no special abilities


You were on level 5 of the Dungeon.
You were a tree.
You visited 1 branch of the dungeon, and saw 2 of its levels.

Inventory:

Hand Weapons
 a - a +0 hand axe
 h - a +2 dagger of speed (weapon)
Wands
 f - a wand of digging (3)
Scrolls
 b - a scroll of fog
 c - a scroll of magic mapping
Potions
 e - a potion of haste


   Skills:
 + Level 3.2 Fighting
 + Level 2.2 Axes
 + Level 2.2 Dodging
 + Level 6.8 Stealth


You had one spell level left.
You didn't know any spells.
Your spell library was empty.

Dungeon Overview and Level Annotations

Branches:
Dungeon (6/15)
 Temple: D:4-7

Altars:


Innate Abilities, Weirdness & Mutations

You are a tree.
Your roots penetrate the ground, keeping you stationary.
You cannot be teleported.
You are immune to unholy pain and torment.
Your maximum health is greatly increased.
You cannot wear most types of armour.
((You are amphibious.))
You can wear up to eight rings at the same time.
((Your skin changes colour to match your surroundings (Stealth+).))
((Your rubbery body absorbs attacks. (AC +1, EV +1)))
((You are camouflaged when in or above water. (Stealth+)))
((You have tentacles for arms and can constrict up to eight enemies at once.))


Message History

Okay, then.
The orc priest begs for mercy.
Cornered, the adder turns to fight!
The adder barely misses you.
You hit the adder.
The adder is heavily wounded.
The adder bites you but does no damage.
You hit the adder.
The adder is severely wounded.
The adder bites you but does no damage.
You closely miss the adder.
The adder is severely wounded.
You barely miss the adder.
The adder is severely wounded.
The adder bites you but does no damage.
You hit the adder.
The adder is almost dead.
The adder bites you but does no damage.
You closely miss the adder.
The adder is almost dead.
The adder bites you.
You miss the adder.
The adder is almost dead.
The adder bites you but does no damage.
You closely miss the adder.
The adder is almost dead.
The adder bites you but does no damage.
You closely miss the adder.
The adder is almost dead.
You hit the adder.
You kill the adder!
You have reached level 2!
The orc priest begins to cast a cantrip, but forgets the words!
The orc seems to regain its courage.
Your transformation is almost over.
The orc hits you but does no damage.
The orc priest invokes the aid of Beogh against you.
Beogh smites you!
Ouch! That really hurt!
You die...

#.##.... .......
...... #..=#
#...## #....####
#.o.....#
##)#.##.#
####♣#..#.#
#....o....###
#......#....##
#......#.....# #
#......#####.#.#
#......# #>..#
####+### #####


You could see an orc priest and an orc.

Vanquished Creatures
  An adder (D:5)
  3 orcs (D:5)
4 creatures vanquished.

Notes
Turn   | Place    | Note
-------+----------+-------------------------------------------
     0 | D:5      | croobank the Octopode Delver began the quest for the Orb.
     0 | D:5      | Reached XP level 1. HP: 16/16 MP: 1/1
     7 | D:6      | Noticed a phantom
     7 | D:6      | Noticed an iguana
    15 | D:6      | Noticed an iguana
    65 | D:5      | Noticed an orc priest
    96 | D:5      | Reached XP level 2. HP: 11/21 MP: 2/2
   101 | D:5      | Killed from afar by an orc priest

Illustrated notes

Levels and vault maps discovered:
D:5:      layout_basic, mainiacjoe_overflow_small_starburst, serial_glass,
          glass_columns_a, glass_columns_a, serial_shops, shop
D:6:      layout_rooms, grunt_ministairs_9

Action                   || total
-------------------------++-------
Melee: Dagger            ||    17
       Tentacles         ||     3
       Constrict         ||     2
       Hand axe          ||     1
  Use: Scroll            ||     1
       Potion            ||     1
Armor: Skin              ||    11
Dodge: Dodged            ||     3
